 Dungeon Crawl Stone Soup version 0.30.0-30-g96aa6591b8 (webtiles) character file.

Game seed: 13681002408680809147

49 Bnni the Grasshopper (level 3, 0/29 HPs)
             Began as a Barachi Warper on June 30, 2023.
             Succumbed to an adder's poison
             ... on level 2 of the Dungeon.
             The game lasted 00:01:35 (1256 turns).

Bnni the Grasshopper (Barachi Warper)               Turns: 1256, Time: 00:01:35

Health: 0/29       AC:  3    Str: 11 (14) XL:     3   Next: 75%
Magic:  6/6        EV: 11    Int: 11 (13) God:
Gold:   84         SH:  0    Dex:  9 (11) Spells: 5/7 levels left

rFire   + . .        a - +0 mace
rCold   + . .        (no shield)
rNeg    . . .        b - +0 leather armour
rPois   +            (no helmet)
rElec   +            (no cloak)
rCorr   +            (no gloves)
SInv    +            (no boots)
Will    .....        g - amulet of faith
Stlth   +            n - ring of see invisible
HPRegen 0.24/turn    (no ring)
MPRegen 0.10/turn

%: faith
@: brilliant, lethally poisoned (0 -> -4), resistant, hasted, quick
A: amphibious, slowness 1, strong legs 1, +LOS
a: Hop


You were on level 2 of the Dungeon.
You visited 1 branch of the dungeon, and saw 2 of its levels.

You collected 84 gold pieces.

Inventory:

Hand Weapons
 a - a +0 mace (weapon)
Missiles
 d - 7 boomerangs of dispersal
 j - 7 poisoned darts (quivered)
Armour
 b - a +0 leather armour (worn)
Jewellery
 g - an amulet of faith (around neck)
 n - a ring of see invisible (left hand)
Scrolls
 c - a scroll of blinking
 f - a scroll of fear {unknown}
 h - 3 scrolls of amnesia {unknown}
 i - 3 scrolls of poison {unknown}
 k - 2 scrolls of identify {unknown}
 o - a scroll of enchant weapon {unknown}
Potions
 m - a potion of haste
 p - a potion of brilliance


   Skills:
 + Level 3.0 Fighting
 * Level 3.2 Maces & Flails
 - Level 1.0 Throwing
 - Level 1.2 Armour
 - Level 2.1 Dodging
 + Level 2.6 Spellcasting
 + Level 3.7 Translocations


You had 5 spell levels left.
You knew the following spells:

 Your Spells              Type           Power      Damage    Failure   Level
a - Blink                 Tloc           28%        N/A       12%         2

Your spell library contained the following spells:

 Spells                   Type           Power      Damage    Failure   Level
 Lesser Beckoning         Tloc           28%        N/A       12%         2
 Teleport Other           Tloc           14%        N/A       24%         3
 Vhi's Electric Charge    Tloc/Air       16%        N/A       45%         3
 Manifold Assault         Tloc           14%        N/A       61%         4


Dungeon Overview and Level Annotations

Branches:
Dungeon (2/15)

Altars:


Innate Abilities, Weirdness & Mutations

You are amphibious.
You cover ground slowly.
You can hop short distances.
You have an extended range of vision and can be seen from far away.


Message History

The adder barely misses you.
You barely miss the adder.
You feel sick. The adder barely misses you.
You closely miss the adder.
You feel sick. The adder bites you.
You are more poisoned.
The adder poisons you! The adder bites you but does no damage.
You completely miss the adder.
You feel sick. The adder bites you. The adder bites you but does no damage.
You are too injured to fight recklessly!
Throw: 8 darts (poison)
Press: ? - help, Q - select action, (/) - cycle Shift-Dir - straight line, f - adder
Aim: an adder (35% to hit)
You throw a poisoned dart.
The poisoned dart closely misses the adder.
You feel sick. The adder closely misses you.
You hit the adder.
The adder is moderately wounded.
You feel sick. The adder bites you. The adder barely misses you.
You hit the adder.
The adder is moderately wounded.
You feel sick. The adder bites you.
* * * LOW HITPOINT WARNING * * *
You are lethally poisoned!
The adder poisons you!
Unknown command.
It was a potion of haste.
You feel yourself speed up.
* * * LOW HITPOINT WARNING * * *
You feel sick. The adder bites you.
* * * LOW HITPOINT WARNING * * *
It was a potion of brilliance.
You feel clever all of a sudden.
* * * LOW HITPOINT WARNING * * *
You feel sick. The adder barely misses you.
It was a potion of degeneration.
There was something very wrong with that liquid.
You feel weakened.
You feel dopey.
You feel clumsy.
* * * LOW HITPOINT WARNING * * *
You feel sick. The adder misses you.
It was a potion of resistance.
You feel protected.
You die...

#.........####...##
##.......## ##.###
##.....## ### #
##...## #
########'## #
#........# .
#.#####..#### #
###.#####.....## #
#(....S@.......#
#.#.#..........#
#.###......... ...
.......#### ....
##.....## #.###
#..#### # #..# ...#
##.#


You could see an adder.

Vanquished Creatures
  An adder (D:2)
  A worm (D:2)
  2 dart slugs (D:1)
  4 endoplasms (D:1)
  4 hobgoblins (D:1)
  2 jackals (D:1)
  A kobold (D:1)
  A quokka (D:1)
  2 ball pythons (D:1)
  5 bats (D:1)
  2 frilled lizards
  3 goblins
  6 rats (D:1)
34 creatures vanquished.

Notes
Turn   | Place    | Note
-------+----------+-------------------------------------------
     0 | D:1      | Bnni the Barachi Warper began the quest for the Orb.
     0 | D:1      | Reached XP level 1. HP: 17/17 MP: 3/3
   106 | D:1      | Reached XP level 2. HP: 17/23 MP: 5/5
   142 | D:1      | Learned a level 2 spell: Blink
   454 | D:1      | Reached XP level 3. HP: 17/28 MP: 6/6
  1255 | D:2      | HP: 1/29 [poisoned by an adder]
  1256 | D:2      | Succumbed to an adder's poison

Illustrated notes

Levels and vault maps discovered:
D:1:      lightli_arrival_statue_moat, layout_loops_cross,
          dreamdust_princess_corridor, minmay_ruptured
D:2:      layout_loops_corners

Skill      XL: |  1  2  3 |
---------------+----------+-----
Maces & Flails | 3 |  3.2
Fighting       | 3 |  3.0
Throwing       | |  1.0
Armour         | |  1.2
Dodging        | |  2.1
Spellcasting   | |  2.6
Translocations | |  3.7

Action                     || total
---------------------------++-------
  Melee: Mace              ||   123
  Throw: Dart              ||     5
    Use: Potion            ||     4
 Armour: Leather armour    ||    56
  Dodge: Dodged            ||   104
